 Dungeon Sprint DCSS version 0.29.1-2-gbd0b4ee654 (webtiles) character file.

Game seed: 16185728897069929436

149 boopmooplesden the Carver (level 5, -1/55 HPs)
             Began as a Minotaur Berserker on Nov 30, 2022.
             Was a Believer of Trog.
             Killed from afar by an oklob sapling wizard (17 damage)
             ... with a splash of acid
             ... in the Dungeon (Sprint IV: "Fedhas' Mad Dash").
             The game lasted 00:01:13 (845 turns).

boopmooplesden the Carver (Minotaur Berserker)       Turns: 845, Time: 00:01:14

Health: -1/55      AC:  8    Str: 24    XL:     5   Next: 9%
Magic:  3/4        EV:  7    Int:  4    God:    Trog [**....]
Gold:   44         SH:  0    Dex:  9    Spells: 4/4 levels left

rFire   . . .      SeeInvis .   a - +0 falchion
rCold   . . .      Faith    .   (no shield)
rNeg    . . .      Spirit   .   h - +0 plate armour
rPois   .          Reflect  .   (helmet restricted)
rElec   .          Harm     .   (no cloak)
rCorr   .          Rampage  .   (no gloves)
Will    .....      NoTele   +   (no boots)
Stlth   ..........              c - amulet of invisibility {+Inv}
HPRegen 0.18/turn               (no ring)
MPRegen 0.09/turn               (no ring)

@: corroded, very slightly contaminated, invisible (expiring)
A: horns 2, retaliatory headbutt
a: Renounce Religion, Evoke Invisibility, Berserk, Trog's Hand


You were in the Dungeon.
You worshipped Trog.
Trog was pleased with you.
You visited 1 branch You collected 44 gold pieces.

Inventory:

Hand Weapons
 a - a +0 falchion (weapon)
Armour
 b - a +0 animal skin
 h - a +0 plate armour (worn)
Jewellery
 c - the amulet of invisibility (around neck) {+Inv}
   (You found it in the Dungeon)

   [amulet of nothing]

   +Inv:      It lets you turn invisible.
Potions
 d - a potion of heal wounds
 e - a potion of haste
 f - 2 potions of magic
 g - a potion of berserk rage


   Skills:
 + Level 8.3 Fighting
 + Level 8.4 Long Blades
 + Level 4.5 Armour
 + Level 4.1 Dodging
 + Level 0.4 Stealth
 + Level 1.2 Evocations


You had 4 spell levels left.
You didn't know any spells.
Your spell library was empty.

Dungeon Overview and Level Annotations

Branches:
Dungeon (1/1)

Altars:
Cheibriados
Dithmenos
Elyvilon
Gozag
Hepliaklqana
Kikubaaqudgha
Makhleb
Nemelex Xobeh
Okawaru
Qazlal
Ru
Sif Muna
Trog
Uskayaw
Vehumet
Wu Jian
Xom
Yredelemnul
Zin
The Shining One
Jiyva
Lugonu

Annotations:
D exclusion: oklob sapling


Innate Abilities, Weirdness & Mutations

You have a pair of horns on your head.
You reflexively headbutt those who attack you in melee.


Message History

You hit the oklob sapling wizard but do no damage.
You headbutt the oklob sapling wizard.
The oklob sapling wizard is heavily damaged.
The oklob sapling wizard spits acid at you.
The splash of acid hits you! The acid corrodes you!
You hit the oklob sapling wizard but do no damage.
The oklob sapling wizard is heavily damaged.
The oklob sapling wizard spits acid at you.
The splash of acid hits you!
You hit the oklob sapling wizard but do no damage.
You headbutt the oklob sapling wizard, but do no damage.
The oklob sapling wizard is heavily damaged.
The oklob sapling wizard spits acid at you.
The splash of acid misses you.
You catch the helpless oklob sapling wizard completely off-guard!
You hit the oklob sapling wizard but do no damage.
You headbutt the oklob sapling wizard.
The oklob sapling wizard is severely damaged.
The oklob sapling wizard stares at something and mumbles some strange words.
You hit the oklob sapling wizard but do no damage.
You headbutt the oklob sapling wizard, but do no damage.
The oklob sapling wizard is severely damaged.
You hit the oklob sapling wizard.
The oklob sapling wizard is severely damaged.
The oklob sapling wizard stares at you and mumbles some strange words.
The magic dart hits you.
You hit the oklob sapling wizard but do no damage.
You headbutt the oklob sapling wizard, but do no damage.
The oklob sapling wizard is severely damaged.
You flicker for a moment.
You hit the oklob sapling wizard but do no damage.
The oklob sapling wizard is severely damaged.
The oklob sapling wizard stares at you and mumbles some strange words.
The magic dart hits you.
* * * LOW HITPOINT WARNING * * *
You hit the oklob sapling wizard but do no damage.
The oklob sapling wizard is severely damaged.
The oklob sapling wizard spits acid at you.
The splash of acid hits you!
You die...

###################
.#.⌠._._._._.⌠.#.(+
.'.._._._._._..'@P#
.#..._._._._...#..#
##.._._._._._..#.:#
#._._._._._.⌠.####
###############


You could see an oklob sapling wizard (unable to see you).

Vanquished Creatures
  A scorpion (D)
  2 oklob saplings (D)
  A river rat (D)
  A rat (D)
5 creatures vanquished.

Notes
Turn   | Place    | Note
-------+----------+-------------------------------------------
     0 | D        | boopmooplesden the Minotaur Berserker began the quest for
                  | the Orb.
     0 | D        | Reached XP level 1. HP: 19/19 MP: 0/0
     8 | D        | Reached XP level 2. HP: 28/28 MP: 1/1
   121 | D        | Noticed an oklob sapling
   123 | D        | Noticed a scorpion
   123 | D        | Found the amulet of invisibility {+Inv}
   138 | D        | Killed a scorpion
   139 | D        | Reached XP level 3. HP: 25/39 MP: 2/2
   139 | D        | Reached XP level 4. HP: 30/47 MP: 3/3
   424 | D        | Reached ** piety under Trog
   621 | D        | Found an opulent altar of Gozag.
   621 | D        | Found a hazy altar of Hepliaklqana.
   621 | D        | Found a snail-covered altar of Cheibriados.
   625 | D        | Found a viscous altar of Jiyva.
   625 | D        | Found a burning altar of Makhleb.
   625 | D        | Found a sparkling altar of Nemelex Xobeh.
   625 | D        | Found a sacrificial altar of Ru.
   625 | D        | Found a shimmering blue altar of Sif Muna.
   625 | D        | Found a bloodstained altar of Trog.
   625 | D        | Found an ornate altar of the Wu Jian Council.
   625 | D        | Found a shimmering altar of Xom.
   625 | D        | Found a basalt altar of Yredelemnul.
   626 | D        | Found an iron altar of Okawaru.
   626 | D        | Found a shadowy altar of Dithmenos.
   626 | D        | Found a glowing silver altar of Zin.
   627 | D        | Found an ancient bone altar of Kikubaaqudgha.
   627 | D        | Found a hide-covered altar of Uskayaw.
   628 | D        | Found a stormy altar of Qazlal.
   628 | D        | Found a white marble altar of Elyvilon.
   628 | D        | Found a glowing golden altar of the Shining One.
   629 | D        | Found a corrupted altar of Lugonu.
   629 | D        | Found a radiant altar of Vehumet.
   639 | D        | Reached skill level 1 in Evocations
   639 | D        | Reached XP level 5. HP: 55/55 MP: 2/4
   845 | D        | Killed from afar by an oklob sapling wizard

Illustrated notes

Levels and vault maps discovered:
D:        dungeon_sprint_fedhas [sprint_temple]

Skill      XL: |  1  2  3  4 |
---------------+-------------+-----
Fighting       | 4 7 8 |  8.3
Long Blades    | 4 7 8 |  8.4
Armour         | 3 4 |  4.5
Dodging        | 3 4 |  4.1
Evocations     | 1 |  1.2
Stealth        | |  0.4

Action                   |  1- 3 |  4- 6 || total
-------------------------+-------+-------++-------
Melee: Falchion          |    15 |    24 ||    39
       Headbutt          |     1 |    10 ||    11
Invok: Berserk           |     2 |     1 ||     3
 Abil: Evoke Invisibilit |       |     3 ||     3
  Use: Scroll            |     1 |       ||     1
       Potion            |     1 |       ||     1
 Stab: Invisible         |       |     4 ||     4
Armor: Animal skin       |     2 |       ||     2
Dodge: Dodged            |    12 |     1 ||    13
